 Dungeon Crawl Stone Soup version 0.29.0-4-gdea44cf6ec (webtiles) character file.

Game seed: 17896105575966690266

113582 qw the Brawler (level 16, -5/149 HPs)
             Began as a Troll Cinder Acolyte on Aug 31, 2022.
             Was a High Priest of Okawaru.
             Slain by a ghost moth (18 damage)
             ... on level 3 of the Spider Nest.
             The game lasted 00:16:13 (25839 turns).

qw the Brawler (Troll Cinder Acolyte)              Turns: 25839, Time: 00:16:13

Health: -5/149     AC: 12    Str: 29      XL:     16   Next: 14%
Magic:  0/22       EV: 12    Int:  8 (10) God:    Okawaru [*****.]
Gold:   481        SH: 21    Dex:  5      Spells: 17/17 levels left

rFire   . . .      SeeInvis .     - Unarmed
rCold   . . .      Faith    .   q - +0 tower shield
rNeg    . . .      Spirit   .   g - +1 robe "Litir" {rPois Will+++ Str-3 Stlth+}
rPois   +          Reflect  +   (helmet restricted)
rElec   .          Harm     .   h - +2 cloak
rCorr   .          Rampage  .   (gloves unavailable)
Will    ++++.                   (boots unavailable)
Stlth   ++........              b - amulet of reflection
HPRegen 1.14/turn               y - +4 ring of protection
MPRegen 0.18/turn               w - +4 ring of evasion

@: about to teleport
A: large, unfitting armour, claws 3, regeneration 1, shaggy fur 1, tough skin 1
a: Renounce Religion, Heroism, Finesse, Duel


You were on level 3 of the Spider Nest.
You worshipped Okawaru.
Okawaru was extremely pleased with you.
You visited 4 branches of the dungeon, and saw 25 of its levels.
You also visited: Sewer.

You collected 2426 gold pieces.
You spent 1945 gold pieces at shops.


Innate Abilities, Weirdness & Mutations

You are too large for most types of armour.
You have claws for hands.
Your natural rate of healing is unusually fast.
You are covered in fur. (AC +1)
You have tough skin. (AC +1)


   Skills:
 + Level 7.1 Fighting
 - Level 7.0 Throwing
 - Level 2.1 Armour
 - Level 3.0 Dodging
 - Level 16.0 Shields
 - Level 18.0 Unarmed Combat
 - Level 1.0 Spellcasting
 - Level 2.1 Fire Magic
 - Level 10.0 Invocations


You had 17 spell levels left.
You didn't know any spells.
Your spell library contained the following spells:

 Spells                   Type           Power      Damage    Failure   Level
 Scorch                   Fire           6%         2d5       52%         2

Inventory:

Missiles
 a - 24 large rocks (quivered)
 p - 11 boomerangs
 t - 4 silver javelins
 u - 2 javelins
Armour
 g - the +1 robe "Litir" (worn) {rPois Will+++ Str-3 Stlth+}
   (Okawaru gifted it to you on level 13 of the Dungeon)

   Str:       It affects your strength (-3).
   rPois:     It protects you from poison.
   Will:      It greatly increases your willpower.
   Stlth:     It makes you more stealthy.
 h - a +2 cloak (worn)
 n - a +0 troll leather armour
 q - a +0 tower shield (worn)
Jewellery
 b - an amulet of reflection (around neck)
 w - a +4 ring of evasion (right claw)
 y - a +4 ring of protection (left claw)
 Y - the ring "Xaesang" {rElec rN++ Will- Int+6 Dex+4}
   (You bought it in a shop on level 2 of the Orcish Mines)

   [ring of intelligence]

   Int:       It affects your intelligence (+6).
   Dex:       It affects your dexterity (+4).
   rElec:     It insulates you from electricity.
   rN:        It greatly protects you from negative energy.
   Will:      It decreases your willpower.
Scrolls
 d - a scroll of teleportation
 k - 10 scrolls of identify
 o - 2 scrolls of brand weapon
 s - 5 scrolls of enchant weapon
Potions
 c - 2 potions of mutation
 e - a potion of cancellation
 f - 9 potions of curing
 i - 5 potions of haste
 j - 2 potions of resistance
 l - a potion of heal wounds
 m - 3 potions of might
 v - 2 potions of magic

Dungeon Overview and Level Annotations

Branches:
Dungeon (15/15)            Temple (0/1) D:5            Lair (5/5) D:10
  Swamp (0/4) Lair:2       Spider (3/4) Lair:3        Slime (0/5) Lair:4
    Orc (2/2) D:12            Elf (0/3) Orc:2        Vaults (0/5) D:13
 Depths (0/4) D:15          Sewer (visited)

Altars:
Cheibriados
Dithmenos
Hepliaklqana
Kikubaaqudgha
Okawaru
Qazlal
Ru
Sif Muna
Trog
Uskayaw
Vehumet
Xom
Yredelemnul
Zin
Jiyva

Shops:
D:9 =   D:15 (   Orc:2 !=(=

Annotations:
D:3 3 runed translucent doors, qw's ghost, amateur TeWr
D:6 2 transporters, qw's ghost, novice TeWr
D:14 2 runed translucent doors, Kilet's ghost, adept GrEE
Lair:1 3 runed translucent doors, qw's ghost, journeyman TeWr
Lair:4 3 runed translucent doors, qw's ghost, journeyman TrCA
Lair:5 2 runed translucent doors, qw's ghost, journeyman TrCA
Orc:1 2 transporters, Dmuffinman's ghost, journeyman MiBe


Message History

You block the wolf spider's attack. x2; The wolf spider hits you!
The wolf spider bites you but does no damage.
You feel you are being watched by something.
You feel your power leaking away.
Something hits you! x2; Something stings you!
You mangle the wolf spider!!
The wolf spider is heavily wounded.
The wolf spider closely misses you. You block the wolf spider's attack.
The wolf spider misses you. You block the wolf spider's attack.
Something hits you but does no damage. Something completely misses you.
Something stings you!
You claw the wolf spider!
The wolf spider is severely wounded.
You block the wolf spider's attack. The wolf spider bites you.
You block the wolf spider's attack. x2; The wolf spider misses you.
You block the wolf spider's attack.
You feel you are being watched by something.
Something hits you!! Something hits you but does no damage.
Something stings you.
You barely miss the wolf spider.
The wolf spider is severely wounded.
The wolf spider hits you!! You block the wolf spider's attack.
The wolf spider barely misses you. You block the wolf spider's attack. x2
The wolf spider bites you. Something barely misses you.
You block something's attack.
Something stings you but does no damage.
You closely miss the wolf spider.
The wolf spider is severely wounded.
You block the wolf spider's attack. The wolf spider bites you.
The wolf spider completely misses you. You block the wolf spider's attack.
25839 ||| READING 2 scrolls of teleportation.
As you read the scroll of teleportation, it crumbles to dust.
You feel strangely unstable.
Something hits you but does no damage. x2; You block something's attack.
You block the wolf spider's attack. The wolf spider bites you!
The wolf spider hits you! The wolf spider bites you.
You feel you are being watched by something.
You feel your power leaking away. Something hits you!!
You die...

#.........^. .
#........... ..
#...........
...#......)....
...............
...............
.......{..<.^##
#.....s@.......
........s#.....
...^....^# ...
....#....# .
#.. #....# #.
#...^# . #....#
.....#


You could see 2 wolf spiders.

Vanquished Creatures
  Rupert (D:14)
  Kirke (Spider:2)
  An emperor scorpion (Spider:1)
  A stone giant (D:15)
  An entropy weaver (Spider:2)
  2 dire elephants (Lair:5)
  8 hydras
  4 vault guards (D:13)
  7 boulder beetles
  2 radroaches (Spider:2)
  Erolcha (Orc:2)
  A jorogumo (Spider:2)
  A rakshasa (D:15)
  5 two-headed ogres
  2 catoblepae
  8 centaur warriors
  2 ogre magi (Orc:2)
  Nergalle (Orc:2)
  2 pharaoh ants
  A skeletal warrior (D:13)
  2 deep trolls (D:15)
  A steelbarb worm (Spider:2)
  4 orb spiders
  A bog body (Lair:2)
  3 lindwurms (Lair:5)
  3 deep elf zephyrmancers (D:12)
  2 wizards (D:15)
  11 orc sorcerers
  2 ugly things (D:13)
  4 cyclopes
  8 deep elf pyromancers
  5 wolf spiders
  8 manticores
  5 elephants (Lair:5)
  8 black mambas
  4 moths of wrath (Spider:2)
  6 torpor snails
  10 cane toads
  2 demonic crawlers (Spider:2)
  An efreet (D:14)
  2 unseen horrors
  4 rime drakes
  2 freezing wraiths (D:15)
  4 komodo dragons (Lair:5)
  A kobold demonologist (D:10)
  2 tengu conjurers
  3 tyrant leeches (Lair:5)
  7 meliai
  2 polar bears
  9 hornets
  9 tarantellas
  4 trolls
  10 blink frogs
  6 dream sheep (Lair:4)
  11 slime creatures
  3 culicivoras
  2 shadows
  A vampire (D:13)
  6 jumping spiders
  6 hogs (Spider:2)
  2 wraiths (D:11)
  4 wyverns
  69 yaks
  32 redbacks
  A water elemental (D:15)
  A basilisk (shapeshifter) (D:15)
  12 fire elementals
  4 vampire mosquitoes
  7 basilisks
  2 steam dragons (D:5)
  4 swamp worms (Lair:2)
  2 acid dragons
  20 water moccasins
  4 wargs
  18 orc warriors
  4 ice beasts
  2 black bears
  5 centaurs
  A wolf (D:15)
  13 ogres
  A phantom (D:5)
  3 kobold brigands
  12 bullfrogs
  A gnoll sergeant (D:11)
  2 necrophages
  4 scorpions
  4 wights (D:6)
  10 killer bees
  An electric eel (D:15)
  A howler monkey (D:9)
  16 jellies
  2 gnoll boudas
  3 hounds
  19 orc priests
  35 orc wizards
  Terence (D:3)
  A hell rat (Sewer)
  2 iguanas
  10 adders
  9 gnolls
  5 river rats
  A shadow imp (D:8)
  17 white imps
  2 ufetubi
  A worm (D:3)
  71 orcs
  5 endoplasms
  3 giant cockroaches
  7 hobgoblins
  4 jackals (D:4)
  4 quokkas
  3 training dummies (D:15)
  11 ball pythons
  A bat (D:3)
  5 frilled lizards
  9 goblins
  15 kobolds
  9 rats
753 creatures vanquished.

Vanquished Creatures (others)
  A vampire (D:9)
  A yak (Lair:1)
  3 orc wizards
  An orc (Orc:1)
  2 bushes (Lair:5)
  15 fungi
  53 plants
76 creatures vanquished.

Grand Total: 829 creatures vanquished

Notes
Turn   | Place    | Note
-------+----------+-------------------------------------------
     0 | D:1      | qw the Troll Cinder Acolyte began the quest for the Orb.
     0 | D:1      | Reached XP level 1. HP: 22/22 MP: 1/1
     0 | D:1      | 0 ||| qw: Version: 0.1-a-97-g2dd2ca4
     0 | D:1      | 0 ||| qw: Game counter: 4628
     0 | D:1      | 0 ||| qw: Always use a shield: true
     0 | D:1      | 0 ||| qw: God list: Okawaru
     0 | D:1      | 0 ||| qw: Allow faded altars: false
     0 | D:1      | 0 ||| qw: Do Orc after D:15 true
     0 | D:1      | 0 ||| qw: Do second Lair branch before Depths: true
     0 | D:1      | 0 ||| qw: Lair rune preference: random
     0 | D:1      | 0 ||| qw: Plans: Normal
     0 | D:1      | 0 ||| PLANNING D:1-11
    16 | D:1      | 16 ||| Stepping ~*~*~tactically~*~*~ (outnumbered).
    19 | D:1      | 19 ||| Stepping ~*~*~tactically~*~*~ (outnumbered).
    20 | D:1      | 20 ||| Stepping ~*~*~tactically~*~*~ (outnumbered).
    22 | D:1      | 22 ||| Stepping ~*~*~tactically~*~*~ (outnumbered).
    23 | D:1      | 23 ||| Stepping ~*~*~tactically~*~*~ (outnumbered).
    26 | D:1      | 26 ||| Stepping ~*~*~tactically~*~*~ (outnumbered).
   446 | D:1      | Reached XP level 2. HP: 28/29 MP: 2/2
   648 | D:1      | 648 ||| READING scroll labelled JIOBIO BEIPNU.
   649 | D:1      | 649 ||| READING scroll labelled NATUFIKUYR.
   653 | D:1      | 653 ||| READING scroll labelled AGRONI HYET.
   654 | D:1      | 654 ||| READING scroll labelled ENNUIL RAMAIDA.
   655 | D:1      | 655 ||| DRINKING 3 amethyst potions.
   656 | D:1      | 656 ||| DROPPING 2 potions of flight.
   987 | D:2      | Reached skill level 4 in Unarmed Combat
  1041 | D:2      | Reached XP level 3. HP: 29/36 MP: 3/3
  1269 | D:2      | 1269 ||| UPGRADING to amulet of reflection.
  1274 | D:2      | 1274 ||| DRINKING 3 smoky pink potions.
  1435 | D:3      | Noticed a water moccasin
  1445 | D:3      | 1445 ||| INVOKING Fiery Armour.
  1450 | D:3      | Killed a water moccasin
  1451 | D:3      | Reached skill level 5 in Unarmed Combat
  1451 | D:3      | Reached XP level 4. HP: 19/44 MP: 4/4
  1451 | D:3      | Reached XP level 5. HP: 22/50 MP: 5/5
  1553 | D:3      | 1553 ||| Stepping ~*~*~tactically~*~*~ (stealth).
  1577 | D:3      | Found a faded altar of an unknown god.
  1609 | D:3      | Found an ancient bone altar of Kikubaaqudgha.
  1693 | D:3      | Reached skill level 6 in Unarmed Combat
  1991 | D:3      | Found a runed translucent gate.
  1992 | D:3      | Found a runed translucent gate.
  1992 | D:3      | Found a runed translucent gate.
  1997 | D:3      | Noticed qw's ghost (amateur TeWr)
  2039 | D:3      | 2039 ||| Stepping ~*~*~tactically~*~*~ (stealth).
  2054 | D:3      | Found a sacrificial altar of Ru.
  2054 | D:3      | Noticed Terence
  2177 | D:3      | Killed Terence
  2178 | D:3      | 2178 ||| STAIRDANCE
  2185 | D:2      | 2185 ||| UPGRADING to +0 kite shield.
  2190 | D:2      | 2190 ||| READING scroll labelled USTEPL WOIRGH.
  2204 | D:3      | 2204 ||| READING 4 scrolls of teleportation.
  2324 | D:4      | 2324 ||| PLANNING SEWER
  2418 | D:4      | Found a glowing drain.
  2419 | D:4      | 2419 ||| Stepping ~*~*~tactically~*~*~ (stealth).
  2442 | D:4      | 2442 ||| READING scroll labelled ZOACYCLOSAED.
  2453 | Sewer    | Entered a sewer
  2461 | Sewer    | Reached skill level 1 in Shields
  2516 | Sewer    | Reached XP level 6. HP: 59/59 MP: 6/6
  2556 | Sewer    | 2556 ||| READING scroll labelled VEIWKA DILEM.
  2557 | Sewer    | 2557 ||| DRINKING 2 emerald potions.
  2565 | D:4      | 2565 ||| PLANNING D:1-11
  2590 | D:4      | 2590 ||| Stepping ~*~*~tactically~*~*~ (stealth).
  2591 | D:4      | 2591 ||| Stepping ~*~*~tactically~*~*~ (stealth).
  2747 | D:4      | Found a hide-covered altar of Uskayaw.
  2749 | D:4      | Found a basalt altar of Yredelemnul.
  2749 | D:4      | Found a snail-covered altar of Cheibriados.
  2749 | D:4      | Found a radiant altar of Vehumet.
  2757 | D:4      | Found an iron altar of Okawaru.
  2762 | D:4      | Found a shadowy altar of Dithmenos.
  2977 | D:4      | 2977 ||| Stepping ~*~*~tactically~*~*~ (stealth).
  2986 | D:4      | 2986 ||| Stepping ~*~*~tactically~*~*~ (stealth).
  3000 | D:4      | Reached skill level 3 in Shields
  3011 | D:4      | 3011 ||| Stepping ~*~*~tactically~*~*~ (stealth).
  3013 | D:4      | 3013 ||| Stepping ~*~*~tactically~*~*~ (hiding).
  3019 | D:4      | 3019 ||| INVOKING Fiery Armour.
  3023 | D:4      | 3023 ||| Stepping ~*~*~tactically~*~*~ (outnumbered).
  3085 | D:4      | 3085 ||| Stepping ~*~*~tactically~*~*~ (stealth).
  3092 | D:4      | Reached XP level 7. HP: 66/66 MP: 7/7
  3092 | D:4      | 3092 ||| Stepping ~*~*~tactically~*~*~ (outnumbered).
  3199 | D:4      | 3199 ||| Stepping ~*~*~tactically~*~*~ (stealth).
  3464 | D:4      | 3464 ||| Stepping ~*~*~tactically~*~*~ (outnumbered).
  3480 | D:4      | 3480 ||| UPGRADING to +4 ring of protection.
  3481 | D:4      | 3481 ||| READING 2 scrolls labelled SECHUA VYKAVO.
  3482 | D:4      | 3482 ||| READING scroll labelled CIKECUW UDOF.
  3513 | D:4      | 3513 ||| READING 2 scrolls of identify.
  3513 | D:4      | 3513 ||| IDENTIFYING pink potion
  3514 | D:4      | 3514 ||| DROPPING scroll of immolation.
  3541 | D:5      | Entered Level 5 of the Dungeon
  3607 | D:5      | 3607 ||| Stepping ~*~*~tactically~*~*~ (hiding).
  3607 | D:5      | Found a staircase to the Ecumenical Temple.
  3609 | D:5      | 3609 ||| Stepping ~*~*~tactically~*~*~ (hiding).
  3856 | D:5      | 3856 ||| Stepping ~*~*~tactically~*~*~ (hiding).
  3861 | D:5      | 3861 ||| Stepping ~*~*~tactically~*~*~ (outnumbered).
  3862 | D:5      | 3862 ||| Stepping ~*~*~tactically~*~*~ (outnumbered).
  3863 | D:5      | 3863 ||| Stepping ~*~*~tactically~*~*~ (outnumbered).
  3864 | D:5      | 3864 ||| Stepping ~*~*~tactically~*~*~ (outnumbered).
  3867 | D:5      | 3867 ||| Stepping ~*~*~tactically~*~*~ (outnumbered).
  3868 | D:5      | 3868 ||| Stepping ~*~*~tactically~*~*~ (outnumbered).
  3950 | D:5      | Noticed a steam dragon
  3960 | D:5      | Killed a steam dragon
  3961 | D:5      | Reached skill level 7 in Unarmed Combat
  3962 | D:5      | 3962 ||| FLEEEEING.
  3967 | D:5      | 3967 ||| Stepping ~*~*~tactically~*~*~ (outnumbered).
  3968 | D:5      | 3968 ||| Stepping ~*~*~tactically~*~*~ (outnumbered).
  4158 | D:5      | Reached XP level 8. HP: 74/74 MP: 8/8
  4165 | D:5      | 4165 ||| Stepping ~*~*~tactically~*~*~ (stealth).
  4166 | D:5      | 4166 ||| Stepping ~*~*~tactically~*~*~ (stealth).
  4199 | D:5      | You fall into a shaft and drop 3 floors!
  4316 | D:8      | 4316 ||| DROPPING amulet of magic regeneration.
  4317 | D:8      | 4317 ||| READING scroll labelled QENILU NOUNAEQ.
  4318 | D:8      | 4318 ||| READING scroll labelled AKHETE ILUDEOTS.
  4319 | D:8      | 4319 ||| READING scroll labelled JYATU HEMUGA.
  4420 | D:8      | 4420 ||| DRINKING 2 puce potions.
  4421 | D:8      | 4421 ||| DROPPING potion of invisibility.
  4432 | D:7      | 4432 ||| Stepping ~*~*~tactically~*~*~ (outnumbered).
  4435 | D:7      | 4435 ||| Stepping ~*~*~tactically~*~*~ (outnumbered).
  4460 | D:7      | Reached skill level 6 in Shields
  4555 | D:7      | Found a shimmering altar of Xom.
  4591 | D:7      | 4591 ||| Stepping ~*~*~tactically~*~*~ (outnumbered).
  4600 | D:7      | 4600 ||| INVOKING Fiery Armour.
  4602 | D:7      | Reached skill level 8 in Unarmed Combat
  4602 | D:7      | HP: 15/74 [killer bee (7)]
  4603 | D:7      | 4603 ||| READING 5 scrolls of teleportation.
  4603 | D:7      | HP: 5/74 [poisoned by a killer bee]
  4604 | D:7      | 4604 ||| DRINKING 3 potions of heal wounds.
  4606 | D:7      | Reached skill level 3 in Fighting
  4740 | D:6      | Noticed qw's ghost (novice TeWr)
  4740 | D:6      | Noticed a boulder beetle
  4763 | D:6      | Found a transporter.
  4771 | D:6      | 4771 ||| Stepping ~*~*~tactically~*~*~ (stealth).
  4772 | D:6      | 4772 ||| Stepping ~*~*~tactically~*~*~ (stealth).
  4803 | D:6      | 4803 ||| Stepping ~*~*~tactically~*~*~ (stealth).
  4860 | D:6      | 4860 ||| Stepping ~*~*~tactically~*~*~ (stealth).
  4862 | D:6      | 4862 ||| Stepping ~*~*~tactically~*~*~ (stealth).
  4867 | D:6      | 4867 ||| Stepping ~*~*~tactically~*~*~ (stealth).
  4868 | D:6      | 4868 ||| INVOKING Fiery Armour.
  4869 | D:6      | 4869 ||| Stepping ~*~*~tactically~*~*~ (outnumbered).
  4870 | D:6      | 4870 ||| Stepping ~*~*~tactically~*~*~ (outnumbered).
  4871 | D:6      | 4871 ||| Stepping ~*~*~tactically~*~*~ (outnumbered).
  4872 | D:6      | 4872 ||| Stepping ~*~*~tactically~*~*~ (outnumbered).
  4873 | D:6      | 4873 ||| Stepping ~*~*~tactically~*~*~ (outnumbered).
  4874 | D:6      | 4874 ||| Stepping ~*~*~tactically~*~*~ (outnumbered).
  4875 | D:6      | 4875 ||| Stepping ~*~*~tactically~*~*~ (outnumbered).
  4876 | D:6      | 4876 ||| Stepping ~*~*~tactically~*~*~ (outnumbered).
  4876 | D:6      | Found a transporter.
  4877 | D:6      | 4877 ||| Stepping ~*~*~tactically~*~*~ (outnumbered).
  4879 | D:6      | 4879 ||| Stepping ~*~*~tactically~*~*~ (outnumbered).
  4880 | D:6      | 4880 ||| Stepping ~*~*~tactically~*~*~ (outnumbered).
  4881 | D:6      | 4881 ||| Stepping ~*~*~tactically~*~*~ (outnumbered).
  4882 | D:6      | 4882 ||| Stepping ~*~*~tactically~*~*~ (outnumbered).
  4883 | D:6      | 4883 ||| Stepping ~*~*~tactically~*~*~ (outnumbered).
  4884 | D:6      | 4884 ||| Stepping ~*~*~tactically~*~*~ (outnumbered).
  4885 | D:6      | 4885 ||| Stepping ~*~*~tactically~*~*~ (outnumbered).
  4886 | D:6      | 4886 ||| Stepping ~*~*~tactically~*~*~ (outnumbered).
  4887 | D:6      | 4887 ||| Stepping ~*~*~tactically~*~*~ (outnumbered).
  4888 | D:6      | 4888 ||| Stepping ~*~*~tactically~*~*~ (outnumbered).
  4889 | D:6      | 4889 ||| Stepping ~*~*~tactically~*~*~ (outnumbered).
  4890 | D:6      | 4890 ||| Stepping ~*~*~tactically~*~*~ (outnumbered).
  4891 | D:6      | 4891 ||| Stepping ~*~*~tactically~*~*~ (outnumbered).
  4892 | D:6      | 4892 ||| Stepping ~*~*~tactically~*~*~ (outnumbered).
  4893 | D:6      | 4893 ||| Stepping ~*~*~tactically~*~*~ (outnumbered).
  4895 | D:6      | 4895 ||| Stepping ~*~*~tactically~*~*~ (outnumbered).
  4896 | D:6      | 4896 ||| Stepping ~*~*~tactically~*~*~ (outnumbered).
  4897 | D:6      | 4897 ||| Stepping ~*~*~tactically~*~*~ (outnumbered).
  4898 | D:6      | 4898 ||| Stepping ~*~*~tactically~*~*~ (outnumbered).
  4899 | D:6      | 4899 ||| Stepping ~*~*~tactically~*~*~ (outnumbered).
  4900 | D:6      | 4900 ||| Stepping ~*~*~tactically~*~*~ (outnumbered).
  4901 | D:6      | 4901 ||| Stepping ~*~*~tactically~*~*~ (outnumbered).
  4902 | D:6      | 4902 ||| Stepping ~*~*~tactically~*~*~ (outnumbered).
  4903 | D:6      | 4903 ||| Stepping ~*~*~tactically~*~*~ (outnumbered).
  4904 | D:6      | 4904 ||| Stepping ~*~*~tactically~*~*~ (outnumbered).
  4905 | D:6      | 4905 ||| Stepping ~*~*~tactically~*~*~ (outnumbered).
  4907 | D:6      | Reached skill level 9 in Unarmed Combat
  4908 | D:6      | 4908 ||| Stepping ~*~*~tactically~*~*~ (outnumbered).
  4910 | D:6      | 4910 ||| Stepping ~*~*~tactically~*~*~ (outnumbered).
  4911 | D:6      | 4911 ||| Stepping ~*~*~tactically~*~*~ (outnumbered).
  4917 | D:6      | Reached skill level 1 in Throwing
  4920 | D:6      | Reached XP level 9. HP: 74/81 MP: 9/9
  4935 | D:6      | Reached skill level 1 in Dodging
  4994 | D:6      | 4994 ||| READING 2 scrolls of identify.
  4994 | D:6      | 4994 ||| IDENTIFYING bubbling orange potion
  5008 | D:5      | 5008 ||| Stepping ~*~*~tactically~*~*~ (stealth).
  5174 | D:5      | 5174 ||| Stepping ~*~*~tactically~*~*~ (hiding).
  5183 | D:5      | Reached skill level 10 in Unarmed Combat
  5199 | D:5      | 5199 ||| Stepping ~*~*~tactically~*~*~ (stealth).
  5203 | D:5      | 5203 ||| Stepping ~*~*~tactically~*~*~ (stealth).
  5204 | D:5      | 5204 ||| Stepping ~*~*~tactically~*~*~ (stealth).
  5208 | D:5      | 5208 ||| Stepping ~*~*~tactically~*~*~ (outnumbered).
  5209 | D:5      | 5209 ||| Stepping ~*~*~tactically~*~*~ (outnumbered).
  5210 | D:5      | 5210 ||| Stepping ~*~*~tactically~*~*~ (outnumbered).
  5213 | D:5      | 5213 ||| Stepping ~*~*~tactically~*~*~ (outnumbered).
  5214 | D:5      | 5214 ||| Stepping ~*~*~tactically~*~*~ (outnumbered).
  5215 | D:5      | 5215 ||| Stepping ~*~*~tactically~*~*~ (outnumbered).
  5216 | D:5      | 5216 ||| Stepping ~*~*~tactically~*~*~ (outnumbered).
  5226 | D:5      | 5226 ||| INVOKING Fiery Armour.
  5548 | D:5      | Found a hazy altar of Hepliaklqana.
  5850 | D:6      | 5850 ||| Stepping ~*~*~tactically~*~*~ (stealth).
  5851 | D:6      | 5851 ||| Stepping ~*~*~tactically~*~*~ (stealth).
  6095 | D:6      | 6095 ||| READING scroll labelled NELUETROZ BOUXO.
  6096 | D:6      | 6096 ||| DRINKING 2 white potions.
  6097 | D:6      | 6097 ||| DROPPING potion of brilliance.
  6242 | D:7      | Reached skill level 3 in Throwing
  6324 | D:7      | Reached XP level 10. HP: 92/92 MP: 10/10
  6329 | D:7      | Found a glowing silver altar of Zin.
  6370 | D:7      | 6370 ||| Stepping ~*~*~tactically~*~*~ (stealth).
  6371 | D:7      | 6371 ||| Stepping ~*~*~tactically~*~*~ (stealth).
  6557 | D:7      | 6557 ||| Stepping ~*~*~tactically~*~*~ (outnumbered).
  6635 | D:7      | 6635 ||| DROPPING amulet of regeneration.
  6636 | D:7      | 6636 ||| READING scroll labelled DECIRUU ZIMU.
  6637 | D:7      | 6637 ||| READING 2 scrolls of identify.
  6637 | D:7      | 6637 ||| IDENTIFYING clear potion
  6727 | D:8      | 6727 ||| Stepping ~*~*~tactically~*~*~ (outnumbered).
  6728 | D:8      | 6728 ||| Stepping ~*~*~tactically~*~*~ (outnumbered).
  6729 | D:8      | 6729 ||| Stepping ~*~*~tactically~*~*~ (outnumbered).
  6730 | D:8      | 6730 ||| Stepping ~*~*~tactically~*~*~ (outnumbered).
  6931 | D:8      | 6931 ||| Stepping ~*~*~tactically~*~*~ (hiding).
  6939 | D:8      | 6939 ||| Stepping ~*~*~tactically~*~*~ (outnumbered).
  7042 | D:8      | Reached skill level 11 in Unarmed Combat
  7089 | D:8      | 7089 ||| Stepping ~*~*~tactically~*~*~ (stealth).
  7122 | D:8      | 7122 ||| Stepping ~*~*~tactically~*~*~ (hiding).
  7271 | D:8      | 7271 ||| Stepping ~*~*~tactically~*~*~ (hiding).
  7290 | D:8      | 7290 ||| Stepping ~*~*~tactically~*~*~ (outnumbered).
  7291 | D:8      | 7291 ||| Stepping ~*~*~tactically~*~*~ (outnumbered).
  7292 | D:8      | 7292 ||| Stepping ~*~*~tactically~*~*~ (outnumbered).
  7293 | D:8      | 7293 ||| DRINKING 2 potions of curing.
  7293 | D:8      | 7293 ||| (to cure confusion)
  7294 | D:8      | 7294 ||| Stepping ~*~*~tactically~*~*~ (outnumbered).
  7295 | D:8      | 7295 ||| Stepping ~*~*~tactically~*~*~ (outnumbered).
  7443 | D:8      | 7443 ||| READING scroll labelled FOUPSOEDAO.
  7444 | D:8      | 7444 ||| DRINKING 2 metallic golden potions.
  7445 | D:8      | 7445 ||| READING 3 scrolls of identify.
  7445 | D:8      | 7445 ||| IDENTIFYING sedimented clear potion
  7446 | D:8      | 7446 ||| READING 2 scrolls of identify.
  7446 | D:8      | 7446 ||| IDENTIFYING inky potion
  7447 | D:8      | 7447 ||| DROPPING potion of magic.
  7448 | D:8      | 7448 ||| READING 5 scrolls of teleportation.
  7481 | D:9      | 7481 ||| STAIRDANCE
  7486 | D:9      | 7486 ||| STAIRDANCE
  7731 | D:9      | 7731 ||| Stepping ~*~*~tactically~*~*~ (stealth).
  7732 | D:9      | 7732 ||| Stepping ~*~*~tactically~*~*~ (stealth).
  7739 | D:9      | 7739 ||| Stepping ~*~*~tactically~*~*~ (outnumbered).
  7740 | D:9      | 7740 ||| Stepping ~*~*~tactically~*~*~ (outnumbered).
  7741 | D:9      | 7741 ||| Stepping ~*~*~tactically~*~*~ (outnumbered).
  7742 | D:9      | 7742 ||| Stepping ~*~*~tactically~*~*~ (outnumbered).
  7743 | D:9      | 7743 ||| Stepping ~*~*~tactically~*~*~ (outnumbered).
  7877 | D:9      | 7877 ||| Stepping ~*~*~tactically~*~*~ (stealth).
  7879 | D:9      | 7879 ||| Stepping ~*~*~tactically~*~*~ (hiding).
  7889 | D:9      | 7889 ||| Stepping ~*~*~tactically~*~*~ (outnumbered).
  7892 | D:9      | Reached skill level 9 in Shields
  7959 | D:9      | 7959 ||| INVOKING Fiery Armour.
  8012 | D:9      | 8012 ||| Stepping ~*~*~tactically~*~*~ (hiding).
  8089 | D:9      | Found Xuhotwo's Jewellery Boutique.
  8092 | D:9      | 8092 ||| BUYING +6 ring of strength (396 gold).
  8092 | D:9      | Bought a +6 ring of strength for 396 gold pieces
  8092 | D:9      | 8092 ||| SHOPLISTING ring of see invisible (165 gold, have
                  | 52).
  8094 | D:9      | 8094 ||| Stepping ~*~*~tactically~*~*~ (hiding).
  8095 | D:9      | 8095 ||| Stepping ~*~*~tactically~*~*~ (hiding).
  8109 | D:9      | 8109 ||| Stepping ~*~*~tactically~*~*~ (hiding).
  8120 | D:9      | 8120 ||| INVOKING Fiery Armour.
  8446 | D:9      | 8446 ||| UPGRADING to +0 troll leather armour.
  8456 | D:9      | 8456 ||| DROPPING +0 robe.
  8457 | D:9      | 8457 ||| UPGRADING to +6 ring of strength.
  8496 | D:10     | Entered Level 10 of the Dungeon
  8504 | D:10     | Noticed a smoke demon
  8504 | D:10     | 8504 ||| Stepping ~*~*~tactically~*~*~ (hiding).
  8507 | D:10     | 8507 ||| Stepping ~*~*~tactically~*~*~ (hiding).
  8508 | D:10     | 8508 ||| Stepping ~*~*~tactically~*~*~ (hiding).
  8514 | D:10     | Reached skill level 1 in Armour
  8525 | D:10     | Noticed a two-headed ogre
  8527 | D:10     | 8527 ||| Stepping ~*~*~tactically~*~*~ (stealth).
  8528 | D:10     | 8528 ||| Stepping ~*~*~tactically~*~*~ (stealth).
  8534 | D:10     | 8534 ||| Stepping ~*~*~tactically~*~*~ (outnumbered).
  8535 | D:10     | 8535 ||| Stepping ~*~*~tactically~*~*~ (outnumbered).
  8535 | D:10     | HP: 15/92 [two-headed ogre/+0 giant spiked club (37)]
  8535 | D:10     | HP: 5/92 [two-headed ogre/+0 giant spiked club (10)]
  8536 | D:10     | 8536 ||| READING 4 scrolls of teleportation.
  8537 | D:10     | 8537 ||| DRINKING 4 potions of heal wounds.
  8538 | D:10     | 8538 ||| INVOKING Fiery Armour.
  8539 | D:10     | 8539 ||| Stepping ~*~*~tactically~*~*~ (outnumbered).
  8540 | D:10     | 8540 ||| Stepping ~*~*~tactically~*~*~ (outnumbered).
  8557 | D:10     | 8557 ||| FLEEEEING.
  8558 | D:10     | 8558 ||| FLEEEEING.
  8559 | D:10     | 8559 ||| FLEEEEING.
  8560 | D:10     | 8560 ||| FLEEEEING.
  8561 | D:10     | 8561 ||| STAIRDANCE
  8571 | D:10     | Killed a two-headed ogre
  8572 | D:10     | Reached skill level 12 in Unarmed Combat
  8574 | D:10     | 8574 ||| STAIRDANCE
  8599 | D:10     | Found a staircase to the Lair.
  8603 | D:10     | 8603 ||| Stepping ~*~*~tactically~*~*~ (outnumbered).
  8605 | D:10     | 8605 ||| Stepping ~*~*~tactically~*~*~ (outnumbered).
  8608 | D:10     | Reached XP level 11. HP: 78/100 MP: 11/11
  8857 | D:10     | Found a stormy altar of Qazlal.
  9116 | D:10     | 9116 ||| PLANNING LAIR
  9116 | D:10     | 9116 ||| READING scroll labelled WAZUSM LEETIH.
  9117 | D:10     | 9117 ||| READING 2 scrolls of identify.
  9117 | D:10     | 9117 ||| IDENTIFYING black potion
  9118 | D:10     | 9118 ||| DROPPING potion of berserk rage.
  9145 | Lair:1   | Entered Level 1 of the Lair of Beasts
  9148 | Lair:1   | 9148 ||| Stepping ~*~*~tactically~*~*~ (outnumbered).
  9149 | Lair:1   | 9149 ||| Stepping ~*~*~tactically~*~*~ (outnumbered).
  9287 | Lair:1   | Noticed a seven-headed hydra
  9288 | Lair:1   | Noticed qw's ghost (journeyman TeWr)
  9289 | Lair:1   | Noticed a lindwurm
  9328 | Lair:1   | Found a runed translucent gate.
  9333 | Lair:1   | Found a runed translucent gate.
  9366 | Lair:1   | Found a runed translucent gate.
  9635 | Lair:1   | 9635 ||| Stepping ~*~*~tactically~*~*~ (stealth).
  9643 | Lair:1   | 9643 ||| Stepping ~*~*~tactically~*~*~ (stealth).
  9652 | Lair:1   | Reached skill level 13 in Unarmed Combat
  9691 | Lair:1   | 9691 ||| INVOKING Fiery Armour.
  9692 | Lair:1   | Found a frozen archway.
  9697 | Lair:1   | 9697 ||| Stepping ~*~*~tactically~*~*~ (outnumbered).
  9699 | Lair:1   | 9699 ||| Stepping ~*~*~tactically~*~*~ (outnumbered).
  9700 | Lair:1   | 9700 ||| Stepping ~*~*~tactically~*~*~ (outnumbered).
  9701 | Lair:1   | 9701 ||| Stepping ~*~*~tactically~*~*~ (outnumbered).
  9704 | Lair:1   | 9704 ||| Stepping ~*~*~tactically~*~*~ (outnumbered).
  9705 | Lair:1   | 9705 ||| Stepping ~*~*~tactically~*~*~ (outnumbered).
  9706 | Lair:1   | 9706 ||| Stepping ~*~*~tactically~*~*~ (outnumbered).
  9709 | Lair:1   | 9709 ||| Stepping ~*~*~tactically~*~*~ (outnumbered).
  9709 | Lair:1   | Found a shimmering blue altar of Sif Muna.
  9710 | Lair:1   | 9710 ||| Stepping ~*~*~tactically~*~*~ (outnumbered).
  9711 | Lair:1   | 9711 ||| Stepping ~*~*~tactically~*~*~ (outnumbered).
 10283 | Lair:1   | Noticed a seven-headed hydra
 10285 | Lair:1   | 10285 ||| INVOKING Fiery Armour.
 10287 | Lair:1   | Killed a nine-headed hydra
 10435 | Lair:1   | 10435 ||| UPGRADING to +0 tower shield.
 10445 | Lair:1   | 10445 ||| DROPPING +0 kite shield.
 10545 | Lair:2   | 10545 ||| Stepping ~*~*~tactically~*~*~ (outnumbered).
 10546 | Lair:2   | 10546 ||| Stepping ~*~*~tactically~*~*~ (outnumbered).
 10547 | Lair:2   | 10547 ||| Stepping ~*~*~tactically~*~*~ (outnumbered).
 10688 | Lair:2   | 10688 ||| DRINKING potion of cancellation.
 10933 | Lair:2   | Noticed a bog body
 10934 | Lair:2   | 10934 ||| INVOKING Fiery Armour.
 10935 | Lair:2   | Killed a bog body
 10944 | Lair:2   | Found a staircase to the Swamp.
 10947 | Lair:2   | 10947 ||| FLEEEEING.
 10949 | Lair:2   | 10949 ||| FLEEEEING.
 10950 | Lair:2   | 10950 ||| FLEEEEING.
 10951 | Lair:2   | 10951 ||| FLEEEEING.
 10952 | Lair:2   | 10952 ||| FLEEEEING.
 11152 | Lair:2   | 11152 ||| UPGRADING to +0 cloak.
 11157 | Lair:2   | 11157 ||| READING scroll of enchant armour.
 11157 | Lair:2   | 11157 ||| ENCHANTING +0 cloak.
 11158 | Lair:2   | 11158 ||| DROPPING ring of willpower.
 11159 | Lair:2   | 11159 ||| READING 2 scrolls of identify.
 11159 | Lair:2   | 11159 ||| IDENTIFYING lumpy grey potion
 11160 | Lair:2   | 11160 ||| DROPPING potion of lignification.
 11193 | Lair:3   | 11193 ||| Stepping ~*~*~tactically~*~*~ (stealth).
 11196 | Lair:3   | 11196 ||| Stepping ~*~*~tactically~*~*~ (stealth).
 11199 | Lair:3   | 11199 ||| Stepping ~*~*~tactically~*~*~ (stealth).
 11201 | Lair:3   | 11201 ||| Stepping ~*~*~tactically~*~*~ (outnumbered).
 11216 | Lair:3   | 11216 ||| Stepping ~*~*~tactically~*~*~ (outnumbered).
 11221 | Lair:3   | Reached XP level 12. HP: 57/111 MP: 12/12
 11388 | Lair:3   | 11388 ||| Stepping ~*~*~tactically~*~*~ (outnumbered).
 11389 | Lair:3   | 11389 ||| Stepping ~*~*~tactically~*~*~ (outnumbered).
 11390 | Lair:3   | 11390 ||| Stepping ~*~*~tactically~*~*~ (outnumbered).
 11392 | Lair:3   | 11392 ||| Stepping ~*~*~tactically~*~*~ (outnumbered).
 11393 | Lair:3   | 11393 ||| Stepping ~*~*~tactically~*~*~ (outnumbered).
 11394 | Lair:3   | 11394 ||| Stepping ~*~*~tactically~*~*~ (outnumbered).
 11395 | Lair:3   | 11395 ||| Stepping ~*~*~tactically~*~*~ (outnumbered).
 11397 | Lair:3   | 11397 ||| Stepping ~*~*~tactically~*~*~ (outnumbered).
 11409 | Lair:3   | 11409 ||| Stepping ~*~*~tactically~*~*~ (stealth).
 11414 | Lair:3   | 11414 ||| Stepping ~*~*~tactically~*~*~ (stealth).
 11415 | Lair:3   | 11415 ||| Stepping ~*~*~tactically~*~*~ (stealth).
 11416 | Lair:3   | 11416 ||| Stepping ~*~*~tactically~*~*~ (stealth).
 11417 | Lair:3   | 11417 ||| Stepping ~*~*~tactically~*~*~ (stealth).
 11420 | Lair:3   | 11420 ||| INVOKING Fiery Armour.
 11497 | Lair:3   | Reached skill level 12 in Shields
 11538 | Lair:3   | Found a hole to the Spider Nest.
 11620 | Lair:3   | 11620 ||| Stepping ~*~*~tactically~*~*~ (stealth).
 11627 | Lair:3   | 11627 ||| Stepping ~*~*~tactically~*~*~ (stealth).
 11630 | Lair:3   | 11630 ||| Stepping ~*~*~tactically~*~*~ (stealth).
 12068 | Lair:4   | Found a runed translucent gate.
 12068 | Lair:4   | Found a runed translucent gate.
 12068 | Lair:4   | Found a runed translucent gate.
 12068 | Lair:4   | Noticed a quicksilver ooze
 12068 | Lair:4   | Noticed an azure jelly
 12069 | Lair:4   | Noticed an acid blob
 12069 | Lair:4   | Noticed qw's ghost (journeyman TrCA)
 12069 | Lair:4   | Noticed an acid blob
 12069 | Lair:4   | Noticed an acid blob
 12069 | Lair:4   | Noticed an acid blob
 12070 | Lair:4   | Noticed an acid blob
 12141 | Lair:4   | 12141 ||| Stepping ~*~*~tactically~*~*~ (stealth).
 12204 | Lair:4   | Found a viscous altar of Jiyva.
 12206 | Lair:4   | Found a staircase to the Slime Pits.
 12226 | Lair:4   | 12226 ||| Stepping ~*~*~tactically~*~*~ (stealth).
 12228 | Lair:4   | 12228 ||| Stepping ~*~*~tactically~*~*~ (stealth).
 12275 | Lair:4   | 12275 ||| Stepping ~*~*~tactically~*~*~ (hiding).
 12286 | Lair:4   | 12286 ||| Stepping ~*~*~tactically~*~*~ (stealth).
 12356 | Lair:4   | Noticed a four-headed hydra
 12357 | Lair:4   | 12357 ||| INVOKING Fiery Armour.
 12363 | Lair:4   | Killed a seven-headed hydra
 12435 | Lair:4   | 12435 ||| Stepping ~*~*~tactically~*~*~ (stealth).
 12440 | Lair:4   | 12440 ||| Stepping ~*~*~tactically~*~*~ (outnumbered).
 12441 | Lair:4   | 12441 ||| Stepping ~*~*~tactically~*~*~ (outnumbered).
 12442 | Lair:4   | 12442 ||| Stepping ~*~*~tactically~*~*~ (outnumbered).
 12488 | Lair:4   | 12488 ||| PLANNING CONVERSION TO OKAWARU
 12744 | D:4      | Fell from the grace of Ignis
 12744 | D:4      | Became a worshipper of Warmaster Okawaru
 12745 | D:4      | 12745 ||| PLANNING LAIR
 12745 | D:4      | 12745 ||| READING scroll labelled XAUBBU VILEA.
 12950 | Lair:2   | Noticed a seven-headed hydra
 12956 | Lair:2   | Killed an eight-headed hydra
 13005 | Lair:4   | 13005 ||| STAIRDANCE
 13026 | Lair:4   | 13026 ||| STAIRDANCE
 13033 | Lair:4   | 13033 ||| STAIRDANCE
 13155 | Lair:4   | Noticed a boulder beetle
 13167 | Lair:4   | Killed a boulder beetle
 13179 | Lair:4   | Reached * piety under Okawaru
 13236 | Lair:4   | Reached skill level 1 in Invocations
 13433 | Lair:4   | 13433 ||| INVOKING Heroism.
 13434 | Lair:4   | 13434 ||| Stepping ~*~*~tactically~*~*~ (outnumbered).
 13435 | Lair:4   | 13435 ||| Stepping ~*~*~tactically~*~*~ (outnumbered).
 13437 | Lair:4   | 13437 ||| Stepping ~*~*~tactically~*~*~ (outnumbered).
 13438 | Lair:4   | 13438 ||| Stepping ~*~*~tactically~*~*~ (outnumbered).
 13488 | Lair:4   | 13488 ||| Stepping ~*~*~tactically~*~*~ (outnumbered).
 13489 | Lair:4   | 13489 ||| Stepping ~*~*~tactically~*~*~ (outnumbered).
 13490 | Lair:4   | 13490 ||| Stepping ~*~*~tactically~*~*~ (outnumbered).
 13492 | Lair:4   | 13492 ||| Stepping ~*~*~tactically~*~*~ (outnumbered).
 13493 | Lair:4   | 13493 ||| Stepping ~*~*~tactically~*~*~ (outnumbered).
 13840 | Lair:4   | Found a viscous altar of Jiyva.
 13841 | Lair:4   | You fall into a shaft and drop 1 floor!
 13841 | Lair:5   | Entered Level 5 of the Lair of Beasts
 13850 | Lair:5   | 13850 ||| Stepping ~*~*~tactically~*~*~ (stealth).
 13854 | Lair:5   | 13854 ||| INVOKING Heroism.
 13862 | Lair:5   | Reached ** piety under Okawaru
 13863 | Lair:5   | Reached XP level 13. HP: 118/118 MP: 11/14
 13866 | Lair:5   | 13866 ||| Stepping ~*~*~tactically~*~*~ (outnumbered).
 13867 | Lair:5   | 13867 ||| Stepping ~*~*~tactically~*~*~ (outnumbered).
 13869 | Lair:5   | Reached skill level 3 in Invocations
 13905 | Lair:5   | 13905 ||| INVOKING Heroism.
 13906 | Lair:5   | 13906 ||| Stepping ~*~*~tactically~*~*~ (stealth).
 13907 | Lair:5   | 13907 ||| Stepping ~*~*~tactically~*~*~ (stealth).
 13914 | Lair:5   | 13914 ||| Stepping ~*~*~tactically~*~*~ (stealth).
 13944 | Lair:5   | 13944 ||| Stepping ~*~*~tactically~*~*~ (outnumbered).
 13970 | Lair:5   | Noticed a dire elephant
 13971 | Lair:5   | 13971 ||| INVOKING Heroism.
 13975 | Lair:5   | 13975 ||| Stepping ~*~*~tactically~*~*~ (outnumbered).
 13976 | Lair:5   | Killed a dire elephant
 13987 | Lair:5   | 13987 ||| INVOKING Heroism.
 13991 | Lair:5   | Reached *** piety under Okawaru
 14030 | Lair:5   | 14030 ||| INVOKING Heroism.
 14032 | Lair:5   | Reached skill level 14 in Unarmed Combat
 14061 | Lair:5   | 14061 ||| Stepping ~*~*~tactically~*~*~ (hiding).
 14063 | Lair:5   | 14063 ||| INVOKING Heroism.
 14065 | Lair:5   | Noticed a dire elephant
 14074 | Lair:5   | Killed a dire elephant
 14075 | Lair:5   | Reached skill level 6 in Fighting
 14106 | Lair:5   | 14106 ||| INVOKING Heroism.
 14107 | Lair:5   | 14107 ||| Stepping ~*~*~tactically~*~*~ (outnumbered).
 14194 | Lair:5   | 14194 ||| Stepping ~*~*~tactically~*~*~ (hiding).
 14296 | Lair:5   | 14296 ||| DRINKING 2 coppery potions.
 14297 | Lair:5   | 14297 ||| DROPPING potion of degeneration.
 14333 | Lair:4   | 14333 ||| READING 8 scrolls of teleportation.
 14365 | Lair:5   | 14365 ||| Stepping ~*~*~tactically~*~*~ (stealth).
 14366 | Lair:5   | 14366 ||| INVOKING Heroism.
 14384 | Lair:5   | Reached **** piety under Okawaru
 14385 | Lair:5   | 14385 ||| Stepping ~*~*~tactically~*~*~ (stealth).
 14390 | Lair:5   | 14390 ||| Stepping ~*~*~tactically~*~*~ (outnumbered).
 14391 | Lair:5   | 14391 ||| Stepping ~*~*~tactically~*~*~ (outnumbered).
 14392 | Lair:5   | 14392 ||| INVOKING Heroism.
 14397 | Lair:5   | 14397 ||| Stepping ~*~*~tactically~*~*~ (stealth).
 14405 | Lair:5   | 14405 ||| Stepping ~*~*~tactically~*~*~ (stealth).
 14409 | Lair:5   | 14409 ||| INVOKING Heroism.
 14412 | Lair:5   | Received a gift from Okawaru
 14445 | Lair:5   | 14445 ||| INVOKING Heroism.
 14450 | Lair:5   | 14450 ||| Stepping ~*~*~tactically~*~*~ (outnumbered).
 14471 | Lair:5   | 14471 ||| INVOKING Heroism.
 14501 | Lair:5   | Found a runed translucent door.
 14501 | Lair:5   | Noticed qw's ghost (journeyman TrCA)
 14568 | Lair:5   | 14568 ||| INVOKING Heroism.
 14572 | Lair:5   | 14572 ||| Stepping ~*~*~tactically~*~*~ (stealth).
 14579 | Lair:5   | 14579 ||| Stepping ~*~*~tactically~*~*~ (outnumbered).
 14609 | Lair:5   | 14609 ||| INVOKING Heroism.
 14758 | Lair:5   | 14758 ||| Stepping ~*~*~tactically~*~*~ (outnumbered).
 14775 | Lair:5   | 14775 ||| INVOKING Heroism.
 14826 | Lair:5   | Found a runed translucent door.
 14854 | Lair:5   | 14854 ||| INVOKING Heroism.
 14863 | Lair:5   | 14863 ||| Stepping ~*~*~tactically~*~*~ (outnumbered).
 14864 | Lair:5   | 14864 ||| Stepping ~*~*~tactically~*~*~ (outnumbered).
 14865 | Lair:5   | 14865 ||| Stepping ~*~*~tactically~*~*~ (outnumbered).
 14866 | Lair:5   | 14866 ||| Stepping ~*~*~tactically~*~*~ (outnumbered).
 14867 | Lair:5   | 14867 ||| Stepping ~*~*~tactically~*~*~ (outnumbered).
 14876 | Lair:5   | 14876 ||| INVOKING Heroism.
 14887 | Lair:5   | Paralysed by a hornet for 2 turns
 14898 | Lair:5   | HP: 30/120 [poisoned by a hornet]
 14899 | Lair:5   | 14899 ||| READING 7 scrolls of teleportation.
 14899 | Lair:5   | HP: 9/120 [hornet (10)]
 14899 | Lair:5   | HP: 2/120 [hornet (7)]
 14900 | Lair:5   | 14900 ||| DRINKING 6 potions of heal wounds.
 14904 | Lair:5   | HP: 20/120 [poisoned by a hornet]
 14909 | Lair:5   | HP: 24/120 [poisoned by a hornet]
 14997 | Lair:5   | 14997 ||| INVOKING Heroism.
 15162 | Lair:5   | 15162 ||| Stepping ~*~*~tactically~*~*~ (stealth).
 15163 | Lair:5   | 15163 ||| Stepping ~*~*~tactically~*~*~ (stealth).
 15178 | Lair:5   | Reached skill level 15 in Unarmed Combat
 15200 | Lair:5   | 15200 ||| Stepping ~*~*~tactically~*~*~ (stealth).
 15201 | Lair:5   | 15201 ||| FLEEEEING.
 15202 | Lair:5   | 15202 ||| FLEEEEING.
 15205 | Lair:5   | 15205 ||| FLEEEEING.
 15206 | Lair:5   | 15206 ||| FLEEEEING.
 15207 | Lair:5   | 15207 ||| FLEEEEING.
 15208 | Lair:5   | 15208 ||| FLEEEEING.
 15209 | Lair:5   | 15209 ||| FLEEEEING.
 15210 | Lair:5   | 15210 ||| FLEEEEING.
 15211 | Lair:5   | 15211 ||| FLEEEEING.
 15212 | Lair:5   | 15212 ||| FLEEEEING.
 15213 | Lair:5   | 15213 ||| FLEEEEING.
 15214 | Lair:5   | 15214 ||| FLEEEEING.
 15215 | Lair:5   | 15215 ||| FLEEEEING.
 15216 | Lair:5   | 15216 ||| FLEEEEING.
 15217 | Lair:5   | 15217 ||| FLEEEEING.
 15218 | Lair:5   | 15218 ||| INVOKING Heroism.
 15251 | Lair:5   | Reached skill level 6 in Invocations
 15254 | Lair:5   | 15254 ||| INVOKING Heroism.
 15297 | Lair:5   | 15297 ||| Stepping ~*~*~tactically~*~*~ (stealth).
 15301 | Lair:5   | 15301 ||| INVOKING Heroism.
 15308 | Lair:5   | Reached ***** piety under Okawaru
 15397 | Lair:5   | 15397 ||| FLEEEEING.
 15398 | Lair:5   | 15398 ||| FLEEEEING.
 15399 | Lair:5   | 15399 ||| FLEEEEING.
 15400 | Lair:5   | 15400 ||| FLEEEEING.
 15401 | Lair:5   | 15401 ||| FLEEEEING.
 15402 | Lair:5   | 15402 ||| FLEEEEING.
 15403 | Lair:5   | 15403 ||| FLEEEEING.
 15404 | Lair:5   | 15404 ||| FLEEEEING.
 15405 | Lair:5   | 15405 ||| FLEEEEING.
 15406 | Lair:5   | 15406 ||| FLEEEEING.
 15408 | Lair:5   | 15408 ||| FLEEEEING.
 15409 | Lair:5   | 15409 ||| FLEEEEING.
 15410 | Lair:5   | 15410 ||| FLEEEEING.
 15411 | Lair:5   | 15411 ||| FLEEEEING.
 15412 | Lair:5   | 15412 ||| FLEEEEING.
 15414 | Lair:5   | 15414 ||| FLEEEEING.
 15415 | Lair:5   | 15415 ||| FLEEEEING.
 15418 | Lair:5   | 15418 ||| INVOKING Heroism.
 15449 | Lair:5   | 15449 ||| FLEEEEING.
 15450 | Lair:5   | 15450 ||| FLEEEEING.
 15451 | Lair:5   | 15451 ||| FLEEEEING.
 15452 | Lair:5   | 15452 ||| FLEEEEING.
 15454 | Lair:5   | 15454 ||| FLEEEEING.
 15455 | Lair:5   | 15455 ||| FLEEEEING.
 15456 | Lair:5   | 15456 ||| INVOKING Heroism.
 15459 | Lair:5   | 15459 ||| Stepping ~*~*~tactically~*~*~ (outnumbered).
 15461 | Lair:5   | 15461 ||| Stepping ~*~*~tactically~*~*~ (outnumbered).
 15462 | Lair:5   | 15462 ||| Stepping ~*~*~tactically~*~*~ (outnumbered).
 15527 | Lair:5   | 15527 ||| DROPPING ring of resist corrosion.
 15528 | Lair:5   | 15528 ||| PLANNING D:1-11
 15528 | Lair:5   | 15528 ||| DROPPING ring of protection from cold.
 15797 | D:11     | 15797 ||| Stepping randomly (disturbance).
 15806 | D:11     | 15806 ||| Stepping ~*~*~tactically~*~*~ (stealth).
 15830 | D:11     | 15830 ||| Stepping ~*~*~tactically~*~*~ (outnumbered).
 15883 | D:11     | 15883 ||| Stepping ~*~*~tactically~*~*~ (stealth).
 15887 | D:11     | Reached XP level 14. HP: 130/130 MP: 18/18
 15901 | D:11     | 15901 ||| Stepping ~*~*~tactically~*~*~ (hiding).
 15933 | D:11     | 15933 ||| Stepping ~*~*~tactically~*~*~ (hiding).
 15934 | D:11     | 15934 ||| Stepping ~*~*~tactically~*~*~ (hiding).
 15935 | D:11     | 15935 ||| Stepping ~*~*~tactically~*~*~ (stealth).
 15936 | D:11     | 15936 ||| INVOKING Heroism.
 15937 | D:11     | 15937 ||| INVOKING Finesse.
 16018 | D:11     | 16018 ||| FLEEEEING.
 16019 | D:11     | 16019 ||| FLEEEEING.
 16020 | D:11     | 16020 ||| FLEEEEING.
 16021 | D:11     | 16021 ||| FLEEEEING.
 16022 | D:11     | 16022 ||| FLEEEEING.
 16023 | D:11     | 16023 ||| FLEEEEING.
 16028 | D:11     | 16028 ||| FLEEEEING.
 16029 | D:11     | 16029 ||| FLEEEEING.
 16030 | D:11     | 16030 ||| STAIRDANCE
 16144 | D:11     | 16144 ||| FLEEEEING.
 16145 | D:11     | 16145 ||| STAIRDANCE
 16163 | D:11     | 16163 ||| Stepping ~*~*~tactically~*~*~ (outnumbered).
 16164 | D:11     | 16164 ||| Stepping ~*~*~tactically~*~*~ (outnumbered).
 16166 | D:11     | 16166 ||| Stepping ~*~*~tactically~*~*~ (outnumbered).
 16167 | D:11     | 16167 ||| Stepping ~*~*~tactically~*~*~ (outnumbered).
 16168 | D:11     | 16168 ||| Stepping ~*~*~tactically~*~*~ (outnumbered).
 16169 | D:11     | 16169 ||| INVOKING Heroism.
 16170 | D:11     | 16170 ||| Stepping ~*~*~tactically~*~*~ (outnumbered).
 16171 | D:11     | 16171 ||| Stepping ~*~*~tactically~*~*~ (outnumbered).
 16186 | D:11     | 16186 ||| Stepping ~*~*~tactically~*~*~ (outnumbered).
 16187 | D:11     | 16187 ||| Stepping ~*~*~tactically~*~*~ (outnumbered).
 16188 | D:11     | 16188 ||| Stepping ~*~*~tactically~*~*~ (outnumbered).
 16189 | D:11     | 16189 ||| Stepping ~*~*~tactically~*~*~ (outnumbered).
 16191 | D:11     | 16191 ||| Stepping ~*~*~tactically~*~*~ (outnumbered).
 16194 | D:11     | 16194 ||| Stepping ~*~*~tactically~*~*~ (outnumbered).
 16197 | D:11     | 16197 ||| Stepping ~*~*~tactically~*~*~ (outnumbered).
 16524 | D:11     | 16524 ||| PLANNING D
 16618 | D:12     | 16618 ||| Stepping ~*~*~tactically~*~*~ (hiding).
 16637 | D:12     | 16637 ||| READING scroll of enchant armour.
 16637 | D:12     | 16637 ||| ENCHANTING +1 cloak.
 16643 | D:12     | 16643 ||| Stepping ~*~*~tactically~*~*~ (stealth).
 16647 | D:12     | 16647 ||| INVOKING Heroism.
 16653 | D:12     | 16653 ||| Stepping ~*~*~tactically~*~*~ (outnumbered).
 16692 | D:12     | 16692 ||| Stepping ~*~*~tactically~*~*~ (hiding).
 16748 | D:12     | 16748 ||| Stepping ~*~*~tactically~*~*~ (stealth).
 16751 | D:12     | 16751 ||| Stepping ~*~*~tactically~*~*~ (stealth).
 16753 | D:12     | 16753 ||| Stepping ~*~*~tactically~*~*~ (hiding).
 16789 | D:12     | 16789 ||| Stepping ~*~*~tactically~*~*~ (stealth).
 16793 | D:12     | 16793 ||| Stepping ~*~*~tactically~*~*~ (stealth).
 16797 | D:12     | You fall into a shaft and drop 3 floors!
 16797 | D:15     | Entered Level 15 of the Dungeon
 16797 | D:15     | Was forgiven by Ignis
 16836 | D:15     | Found Baukae's Firing Range.
 16839 | D:15     | 16839 ||| INVOKING Heroism.
 16856 | D:15     | Received a gift from Okawaru
 16980 | D:15     | 16980 ||| Stepping ~*~*~tactically~*~*~ (hiding).
 16983 | D:15     | 16983 ||| INVOKING Heroism.
 17011 | D:15     | 17011 ||| DROPPING +1 cloak.
 17016 | D:15     | 17016 ||| INVOKING Finesse.
 17056 | D:14     | 17056 ||| Stepping ~*~*~tactically~*~*~ (hiding).
 17090 | D:14     | 17090 ||| Stepping ~*~*~tactically~*~*~ (hiding).
 17091 | D:14     | 17091 ||| Stepping ~*~*~tactically~*~*~ (stealth).
 17096 | D:14     | 17096 ||| Stepping ~*~*~tactically~*~*~ (hiding).
 17098 | D:14     | 17098 ||| Stepping ~*~*~tactically~*~*~ (hiding).
 17099 | D:14     | 17099 ||| Stepping ~*~*~tactically~*~*~ (hiding).
 17108 | D:14     | 17108 ||| Stepping ~*~*~tactically~*~*~ (outnumbered).
 17112 | D:14     | 17112 ||| Stepping ~*~*~tactically~*~*~ (outnumbered).
 17113 | D:14     | 17113 ||| Stepping ~*~*~tactically~*~*~ (outnumbered).
 17114 | D:14     | 17114 ||| Stepping ~*~*~tactically~*~*~ (outnumbered).
 17115 | D:14     | 17115 ||| Stepping ~*~*~tactically~*~*~ (outnumbered).
 17116 | D:14     | 17116 ||| Stepping ~*~*~tactically~*~*~ (outnumbered).
 17117 | D:14     | 17117 ||| Stepping ~*~*~tactically~*~*~ (outnumbered).
 17118 | D:14     | 17118 ||| Stepping ~*~*~tactically~*~*~ (outnumbered).
 17119 | D:14     | 17119 ||| Stepping ~*~*~tactically~*~*~ (outnumbered).
 17120 | D:14     | 17120 ||| Stepping ~*~*~tactically~*~*~ (outnumbered).
 17121 | D:14     | 17121 ||| Stepping ~*~*~tactically~*~*~ (outnumbered).
 17122 | D:14     | 17122 ||| Stepping ~*~*~tactically~*~*~ (outnumbered).
 17123 | D:14     | 17123 ||| Stepping ~*~*~tactically~*~*~ (outnumbered).
 17124 | D:14     | 17124 ||| Stepping ~*~*~tactically~*~*~ (outnumbered).
 17125 | D:14     | 17125 ||| Stepping ~*~*~tactically~*~*~ (outnumbered).
 17126 | D:14     | 17126 ||| Stepping ~*~*~tactically~*~*~ (outnumbered).
 17127 | D:14     | 17127 ||| Stepping ~*~*~tactically~*~*~ (outnumbered).
 17128 | D:14     | 17128 ||| Stepping ~*~*~tactically~*~*~ (outnumbered).
 17129 | D:14     | 17129 ||| INVOKING Heroism.
 17130 | D:14     | 17130 ||| Stepping ~*~*~tactically~*~*~ (outnumbered).
 17131 | D:14     | 17131 ||| Stepping ~*~*~tactically~*~*~ (outnumbered).
 17132 | D:14     | 17132 ||| Stepping ~*~*~tactically~*~*~ (outnumbered).
 17133 | D:14     | 17133 ||| Stepping ~*~*~tactically~*~*~ (outnumbered).
 17146 | D:14     | Received a gift from Okawaru
 17329 | D:12     | Found a staircase to the Orcish Mines.
 17468 | D:12     | 17468 ||| INVOKING Heroism.
 17470 | D:12     | 17470 ||| Stepping ~*~*~tactically~*~*~ (outnumbered).
 17471 | D:12     | 17471 ||| Stepping ~*~*~tactically~*~*~ (hiding).
 17474 | D:12     | 17474 ||| Stepping ~*~*~tactically~*~*~ (outnumbered).
 17476 | D:12     | 17476 ||| Stepping ~*~*~tactically~*~*~ (outnumbered).
 17479 | D:12     | Reached skill level 6 in Throwing
 17480 | D:12     | 17480 ||| Stepping ~*~*~tactically~*~*~ (outnumbered).
 17481 | D:12     | HP: 12/130 [deep elf zephyrmancer/bolt of lightning (36)]
 17482 | D:12     | 17482 ||| READING 6 scrolls of teleportation.
 17483 | D:12     | 17483 ||| DRINKING 5 potions of heal wounds.
 17483 | D:12     | HP: 4/130 [deep elf zephyrmancer/bolt of lightning (34)]
 17484 | D:12     | 17484 ||| DRINKING 4 potions of heal wounds.
 17485 | D:12     | 17485 ||| DRINKING 3 potions of heal wounds.
 17710 | D:12     | 17710 ||| Stepping ~*~*~tactically~*~*~ (hiding).
 17711 | D:12     | 17711 ||| INVOKING Heroism.
 17713 | D:12     | 17713 ||| Stepping ~*~*~tactically~*~*~ (hiding).
 17715 | D:12     | 17715 ||| Stepping ~*~*~tactically~*~*~ (outnumbered).
 17730 | D:12     | Received a gift from Okawaru
 17730 | D:12     | HP: 31/130 [fire elemental[a deep elf pyromancer] (11)]
 17731 | D:12     | 17731 ||| READING 5 scrolls of teleportation.
 17732 | D:12     | HP: 8/130 [deep elf pyromancer/bolt of fire (12)]
 17733 | D:12     | 17733 ||| DRINKING 2 potions of heal wounds.
 17734 | D:12     | 17734 ||| Stepping ~*~*~tactically~*~*~ (outnumbered).
 18025 | D:13     | Found a gate to the Vaults.
 18026 | D:13     | 18026 ||| INVOKING Heroism.
 18027 | D:13     | 18027 ||| INVOKING Finesse.
 18037 | D:13     | Reached skill level 15 in Shields
 18044 | D:13     | 18044 ||| Stepping ~*~*~tactically~*~*~ (outnumbered).
 18055 | D:13     | 18055 ||| Stepping ~*~*~tactically~*~*~ (outnumbered).
 18067 | D:13     | 18067 ||| INVOKING Finesse.
 18072 | D:13     | HP: 30/130 [skeletal warrior/+0 halberd (14)]
 18073 | D:13     | Reached skill level 9 in Invocations
 18073 | D:13     | 18073 ||| READING 4 scrolls of teleportation.
 18074 | D:13     | 18074 ||| DRINKING potion of heal wounds.
 18075 | D:13     | 18075 ||| INVOKING Heroism.
 18077 | D:13     | HP: 31/130 [vault guard/+0 bardiche (7)]
 18079 | D:13     | 18079 ||| READING 3 scrolls of teleportation.
 18100 | D:13     | 18100 ||| Stepping ~*~*~tactically~*~*~ (hiding).
 18105 | D:13     | Identified the +1 robe "Litir" {rPois Will+++ Str-3 Stlth+}
                  | (Okawaru gifted it to you on level 13 of the Dungeon)
 18105 | D:13     | Received a gift from Okawaru
 18290 | D:13     | 18290 ||| INVOKING Heroism.
 18291 | D:13     | 18291 ||| INVOKING Finesse.
 18307 | D:13     | 18307 ||| Stepping ~*~*~tactically~*~*~ (cloud).
 18312 | D:13     | 18312 ||| Stepping ~*~*~tactically~*~*~ (hiding).
 18323 | D:13     | 18323 ||| INVOKING Finesse.
 18324 | D:13     | 18324 ||| Stepping ~*~*~tactically~*~*~ (outnumbered).
 18331 | D:13     | 18331 ||| Stepping ~*~*~tactically~*~*~ (outnumbered).
 18401 | D:13     | 18401 ||| Stepping ~*~*~tactically~*~*~ (stealth).
 18430 | D:13     | 18430 ||| Stepping ~*~*~tactically~*~*~ (hiding).
 18455 | D:13     | Identified the +4 ring mail "Toibit" {Harm Int+6}
 18505 | D:13     | 18505 ||| Stepping ~*~*~tactically~*~*~ (hiding).
 18679 | D:13     | 18679 ||| Stepping ~*~*~tactically~*~*~ (hiding).
 18680 | D:13     | 18680 ||| Stepping ~*~*~tactically~*~*~ (hiding).
 18682 | D:13     | 18682 ||| INVOKING Heroism.
 18685 | D:13     | 18685 ||| INVOKING Finesse.
 18865 | D:13     | 18865 ||| Stepping ~*~*~tactically~*~*~ (stealth).
 18867 | D:13     | 18867 ||| INVOKING Heroism.
 18869 | D:13     | 18869 ||| INVOKING Finesse.
 18875 | D:13     | Reached skill level 16 in Unarmed Combat
 19127 | D:13     | 19127 ||| UPGRADING to +1 robe "Litir" {rPois Will+++ Str-3
                  | Stlth+}.
 19172 | D:14     | Found a large runed translucent door.
 19173 | D:14     | Found a large runed translucent door.
 19176 | D:14     | Noticed Kilet's ghost (adept GrEE)
 19197 | D:14     | 19197 ||| INVOKING Heroism.
 19198 | D:14     | 19198 ||| INVOKING Finesse.
 19206 | D:14     | Reached XP level 15. HP: 136/136 MP: 14/21
 19367 | D:14     | 19367 ||| INVOKING Heroism.
 19368 | D:14     | 19368 ||| INVOKING Finesse.
 19380 | D:14     | 19380 ||| Stepping ~*~*~tactically~*~*~ (stealth).
 19381 | D:14     | 19381 ||| Stepping ~*~*~tactically~*~*~ (stealth).
 19434 | D:14     | Noticed Rupert
 19435 | D:14     | 19435 ||| INVOKING Heroism.
 19437 | D:14     | 19437 ||| INVOKING Finesse.
 19452 | D:14     | Killed Rupert
 19717 | D:14     | 19717 ||| FLEEEEING.
 19718 | D:14     | 19718 ||| FLEEEEING.
 19720 | D:14     | 19720 ||| FLEEEEING.
 19907 | D:14     | 19907 ||| DROPPING +6 ring of dexterity.
 19968 | D:15     | 19968 ||| INVOKING Heroism.
 20043 | D:15     | 20043 ||| INVOKING Heroism.
 20065 | D:15     | 20065 ||| Stepping ~*~*~tactically~*~*~ (hiding).
 20107 | D:15     | 20107 ||| Stepping ~*~*~tactically~*~*~ (hiding).
 20114 | D:15     | Received a gift from Okawaru
 20115 | D:15     | 20115 ||| INVOKING Heroism.
 20125 | D:15     | 20125 ||| Stepping ~*~*~tactically~*~*~ (hiding).
 20126 | D:15     | 20126 ||| Stepping ~*~*~tactically~*~*~ (hiding).
 20152 | D:15     | 20152 ||| INVOKING Heroism.
 20297 | D:15     | Found a staircase to the Depths.
 20527 | D:15     | 20527 ||| PLANNING ORC
 20527 | D:15     | 20527 ||| DROPPING ring of wizardry.
 20657 | Orc:1    | Entered Level 1 of the Orcish Mines
 20671 | Orc:1    | 20671 ||| Stepping ~*~*~tactically~*~*~ (stealth).
 20674 | Orc:1    | 20674 ||| Stepping ~*~*~tactically~*~*~ (hiding).
 20675 | Orc:1    | 20675 ||| Stepping ~*~*~tactically~*~*~ (hiding).
 20704 | Orc:1    | 20704 ||| Stepping ~*~*~tactically~*~*~ (hiding).
 20705 | Orc:1    | 20705 ||| Stepping ~*~*~tactically~*~*~ (stealth).
 20711 | Orc:1    | 20711 ||| Stepping ~*~*~tactically~*~*~ (hiding).
 20712 | Orc:1    | 20712 ||| Stepping ~*~*~tactically~*~*~ (hiding).
 20713 | Orc:1    | 20713 ||| Stepping ~*~*~tactically~*~*~ (hiding).
 20722 | Orc:1    | 20722 ||| INVOKING Heroism.
 20724 | Orc:1    | 20724 ||| Stepping ~*~*~tactically~*~*~ (hiding).
 20918 | Orc:1    | 20918 ||| Stepping ~*~*~tactically~*~*~ (stealth).
 20920 | Orc:1    | Noticed Dmuffinman's ghost (journeyman MiBe)
 20921 | Orc:1    | 20921 ||| Stepping ~*~*~tactically~*~*~ (hiding).
 20923 | Orc:1    | 20923 ||| Stepping ~*~*~tactically~*~*~ (hiding).
 21034 | Orc:1    | Found a bloodstained altar of Trog.
 21044 | Orc:1    | Found a transporter.
 21061 | Orc:1    | 21061 ||| Stepping ~*~*~tactically~*~*~ (outnumbered).
 21062 | Orc:1    | 21062 ||| Stepping ~*~*~tactically~*~*~ (outnumbered).
 21063 | Orc:1    | 21063 ||| Stepping ~*~*~tactically~*~*~ (outnumbered).
 21064 | Orc:1    | 21064 ||| Stepping ~*~*~tactically~*~*~ (outnumbered).
 21065 | Orc:1    | 21065 ||| Stepping ~*~*~tactically~*~*~ (outnumbered).
 21066 | Orc:1    | 21066 ||| Stepping ~*~*~tactically~*~*~ (outnumbered).
 21067 | Orc:1    | 21067 ||| Stepping ~*~*~tactically~*~*~ (outnumbered).
 21068 | Orc:1    | 21068 ||| Stepping ~*~*~tactically~*~*~ (outnumbered).
 21069 | Orc:1    | 21069 ||| Stepping ~*~*~tactically~*~*~ (outnumbered).
 21070 | Orc:1    | 21070 ||| Stepping ~*~*~tactically~*~*~ (outnumbered).
 21159 | Orc:1    | Found a transporter.
 21188 | Orc:1    | 21188 ||| INVOKING Heroism.
 21206 | Orc:1    | 21206 ||| Stepping ~*~*~tactically~*~*~ (hiding).
 21307 | Orc:1    | 21307 ||| Stepping ~*~*~tactically~*~*~ (stealth).
 21309 | Orc:1    | 21309 ||| INVOKING Heroism.
 21314 | Orc:1    | 21314 ||| Stepping ~*~*~tactically~*~*~ (outnumbered).
 21395 | Orc:1    | 21395 ||| Stepping ~*~*~tactically~*~*~ (stealth).
 21397 | Orc:1    | 21397 ||| Stepping ~*~*~tactically~*~*~ (stealth).
 21401 | Orc:1    | 21401 ||| Stepping ~*~*~tactically~*~*~ (stealth).
 21552 | Orc:2    | Entered Level 2 of the Orcish Mines
 21556 | Orc:2    | 21556 ||| INVOKING Heroism.
 21650 | Orc:2    | 21650 ||| STAIRDANCE
 21656 | Orc:2    | 21656 ||| STAIRDANCE
 21658 | Orc:1    | 21658 ||| Stepping ~*~*~tactically~*~*~ (outnumbered).
 21659 | Orc:1    | 21659 ||| Stepping ~*~*~tactically~*~*~ (outnumbered).
 21660 | Orc:1    | 21660 ||| Stepping ~*~*~tactically~*~*~ (outnumbered).
 21661 | Orc:1    | 21661 ||| Stepping ~*~*~tactically~*~*~ (outnumbered).
 21662 | Orc:1    | 21662 ||| Stepping ~*~*~tactically~*~*~ (outnumbered).
 21663 | Orc:1    | 21663 ||| Stepping ~*~*~tactically~*~*~ (outnumbered).
 21665 | Orc:1    | 21665 ||| Stepping ~*~*~tactically~*~*~ (outnumbered).
 21678 | Orc:2    | 21678 ||| STAIRDANCE
 21680 | Orc:1    | 21680 ||| INVOKING Heroism.
 21681 | Orc:1    | 21681 ||| Stepping ~*~*~tactically~*~*~ (outnumbered).
 21682 | Orc:1    | 21682 ||| Stepping ~*~*~tactically~*~*~ (outnumbered).
 21683 | Orc:1    | 21683 ||| Stepping ~*~*~tactically~*~*~ (outnumbered).
 21686 | Orc:1    | 21686 ||| Stepping ~*~*~tactically~*~*~ (outnumbered).
 21743 | Orc:2    | Found a staircase to the Elven Halls.
 21915 | Orc:2    | 21915 ||| INVOKING Heroism.
 21932 | Orc:2    | Found Qorilow's Jewellery Emporium.
 21988 | Orc:2    | 21988 ||| Stepping ~*~*~tactically~*~*~ (stealth).
 21989 | Orc:2    | 21989 ||| Stepping ~*~*~tactically~*~*~ (stealth).
 21990 | Orc:2    | 21990 ||| FLEEEEING.
 21999 | Orc:2    | 21999 ||| Stepping ~*~*~tactically~*~*~ (stealth).
 22032 | Orc:2    | 22032 ||| BUYING +4 ring of evasion (468 gold).
 22032 | Orc:2    | Bought a +4 ring of evasion for 468 gold pieces
 22045 | Orc:2    | Found an ancient bone altar of Kikubaaqudgha.
 22045 | Orc:2    | Noticed Nergalle
 22052 | Orc:2    | 22052 ||| INVOKING Heroism.
 22053 | Orc:2    | 22053 ||| Stepping ~*~*~tactically~*~*~ (outnumbered).
 22056 | Orc:2    | Killed Nergalle
 22056 | Orc:2    | Received a gift from Okawaru
 22082 | Orc:2    | Noticed Erolcha
 22087 | Orc:2    | 22087 ||| INVOKING Heroism.
 22089 | Orc:2    | 22089 ||| FLEEEEING.
 22089 | Orc:2    | HP: 32/130 [something (13)]
 22090 | Orc:2    | 22090 ||| FLEEEEING.
 22091 | Orc:2    | 22091 ||| FLEEEEING.
 22092 | Orc:2    | 22092 ||| FLEEEEING.
 22093 | Orc:2    | 22093 ||| FLEEEEING.
 22094 | Orc:2    | 22094 ||| FLEEEEING.
 22095 | Orc:2    | 22095 ||| FLEEEEING.
 22096 | Orc:2    | 22096 ||| FLEEEEING.
 22097 | Orc:2    | 22097 ||| FLEEEEING.
 22098 | Orc:2    | 22098 ||| FLEEEEING.
 22101 | Orc:2    | 22101 ||| FLEEEEING.
 22104 | Orc:2    | 22104 ||| FLEEEEING.
 22105 | Orc:2    | 22105 ||| FLEEEEING.
 22106 | Orc:2    | 22106 ||| FLEEEEING.
 22107 | Orc:2    | 22107 ||| FLEEEEING.
 22108 | Orc:2    | 22108 ||| FLEEEEING.
 22109 | Orc:2    | 22109 ||| FLEEEEING.
 22110 | Orc:2    | 22110 ||| FLEEEEING.
 22113 | Orc:2    | 22113 ||| FLEEEEING.
 22114 | Orc:2    | 22114 ||| FLEEEEING.
 22115 | Orc:2    | 22115 ||| FLEEEEING.
 22116 | Orc:2    | 22116 ||| FLEEEEING.
 22117 | Orc:2    | 22117 ||| FLEEEEING.
 22119 | Orc:2    | 22119 ||| FLEEEEING.
 22120 | Orc:2    | 22120 ||| FLEEEEING.
 22121 | Orc:2    | 22121 ||| FLEEEEING.
 22122 | Orc:2    | 22122 ||| FLEEEEING.
 22126 | Orc:2    | 22126 ||| FLEEEEING.
 22127 | Orc:2    | 22127 ||| FLEEEEING.
 22128 | Orc:2    | 22128 ||| FLEEEEING.
 22129 | Orc:2    | 22129 ||| FLEEEEING.
 22130 | Orc:2    | 22130 ||| Stepping ~*~*~tactically~*~*~ (hiding).
 22131 | Orc:2    | 22131 ||| Stepping ~*~*~tactically~*~*~ (hiding).
 22132 | Orc:2    | 22132 ||| INVOKING Heroism.
 22140 | Orc:2    | HP: 27/131 [something (23)]
 22141 | Orc:2    | 22141 ||| READING 3 scrolls of teleportation.
 22142 | Orc:2    | 22142 ||| Stepping ~*~*~tactically~*~*~ (outnumbered).
 22252 | Orc:2    | 22252 ||| Invisible monster not found???
 22369 | Orc:2    | Found Ifaypp's Distillery.
 22382 | Orc:2    | 22382 ||| BUYING potion of curing (45 gold).
 22382 | Orc:2    | Bought a potion of curing for 45 gold pieces
 22382 | Orc:2    | 22382 ||| BUYING potion of heal wounds (75 gold).
 22382 | Orc:2    | Bought a potion of heal wounds for 75 gold pieces
 22382 | Orc:2    | 22382 ||| BUYING potion of magic (120 gold).
 22382 | Orc:2    | Bought a potion of magic for 120 gold pieces
 22395 | Orc:2    | Found a radiant altar of Vehumet.
 22405 | Orc:2    | 22405 ||| INVOKING Heroism.
 22409 | Orc:2    | Killed Erolcha
 22410 | Orc:2    | Reached skill level 17 in Unarmed Combat
 22483 | Orc:2    | 22483 ||| INVOKING Heroism.
 22484 | Orc:2    | 22484 ||| Stepping ~*~*~tactically~*~*~ (outnumbered).
 22487 | Orc:2    | 22487 ||| Stepping ~*~*~tactically~*~*~ (outnumbered).
 22488 | Orc:2    | 22488 ||| Stepping ~*~*~tactically~*~*~ (outnumbered).
 22499 | Orc:2    | Found Yqubiash's Antique Weapon Shoppe.
 22531 | Orc:2    | Found Fitrosmeh's Jewellery Shoppe.
 22543 | Orc:2    | 22543 ||| BUYING ring "Xaesang" {rElec rN++ Will- Int+6
                  | Dex+4} (841 gold).
 22543 | Orc:2    | Bought the ring "Xaesang" {rElec rN++ Will- Int+6 Dex+4}
                  | for 841 gold pieces
 22768 | Orc:2    | 22768 ||| UPGRADING to +4 ring of evasion.
 22770 | Orc:2    | 22770 ||| DROPPING +6 ring of strength.
 22868 | Orc:1    | 22868 ||| INVOKING Heroism.
 22988 | Orc:1    | 22988 ||| PLANNING SPIDER:1-3
 23210 | Spider:1 | Entered Level 1 of the Spider Nest
 23237 | Spider:1 | 23237 ||| Stepping ~*~*~tactically~*~*~ (hiding).
 23242 | Spider:1 | 23242 ||| INVOKING Finesse.
 23261 | Spider:1 | 23261 ||| Stepping ~*~*~tactically~*~*~ (stealth).
 23281 | Spider:1 | 23281 ||| Stepping ~*~*~tactically~*~*~ (stealth).
 23284 | Spider:1 | 23284 ||| INVOKING Finesse.
 23287 | Spider:1 | 23287 ||| Stepping ~*~*~tactically~*~*~ (stealth).
 23461 | Spider:1 | 23461 ||| INVOKING Heroism.
 23462 | Spider:1 | 23462 ||| Stepping ~*~*~tactically~*~*~ (outnumbered).
 23544 | Spider:1 | 23544 ||| INVOKING Heroism.
 23586 | Spider:1 | Received a gift from Okawaru
 23689 | Spider:1 | 23689 ||| Stepping ~*~*~tactically~*~*~ (stealth).
 23809 | Spider:1 | Noticed an emperor scorpion
 23811 | Spider:1 | 23811 ||| INVOKING Heroism.
 23817 | Spider:1 | 23817 ||| INVOKING Finesse.
 23819 | Spider:1 | Killed an emperor scorpion
 23820 | Spider:1 | 23820 ||| Stepping ~*~*~tactically~*~*~ (hiding).
 24140 | Spider:2 | 24140 ||| STAIRDANCE
 24154 | Spider:2 | 24154 ||| STAIRDANCE
 24184 | Spider:2 | 24184 ||| STAIRDANCE
 24186 | Spider:1 | 24186 ||| INVOKING Heroism.
 24188 | Spider:1 | HP: 35/140 [something (6)]
 24189 | Spider:1 | 24189 ||| READING 3 scrolls of teleportation.
 24189 | Spider:1 | HP: 17/140 [something (7)]
 24190 | Spider:1 | 24190 ||| DRINKING potion of heal wounds.
 24292 | Spider:1 | 24292 ||| Invisible monster not found???
 24335 | Spider:1 | 24335 ||| UPGRADING to ring "Xaesang" {rElec rN++ Will-
                  | Int+6 Dex+4}.
 24363 | Spider:2 | 24363 ||| STAIRDANCE
 24372 | Spider:2 | 24372 ||| STAIRDANCE
 24381 | Spider:2 | 24381 ||| STAIRDANCE
 24388 | Spider:2 | 24388 ||| STAIRDANCE
 24405 | Spider:2 | 24405 ||| Stepping ~*~*~tactically~*~*~ (stealth).
 24414 | Spider:2 | Received a gift from Okawaru
 24448 | Spider:2 | 24448 ||| Stepping ~*~*~tactically~*~*~ (stealth).
 24451 | Spider:2 | 24451 ||| Stepping ~*~*~tactically~*~*~ (stealth).
 24467 | Spider:2 | 24467 ||| Stepping ~*~*~tactically~*~*~ (stealth).
 24469 | Spider:2 | 24469 ||| Stepping ~*~*~tactically~*~*~ (stealth).
 24521 | Spider:2 | 24521 ||| Stepping ~*~*~tactically~*~*~ (hiding).
 24523 | Spider:2 | 24523 ||| Stepping ~*~*~tactically~*~*~ (hiding).
 24525 | Spider:2 | 24525 ||| Stepping ~*~*~tactically~*~*~ (hiding).
 24527 | Spider:2 | 24527 ||| INVOKING Finesse.
 24535 | Spider:2 | 24535 ||| INVOKING Heroism.
 24537 | Spider:2 | Noticed Kirke
 24538 | Spider:2 | Reached skill level 3 in Dodging
 24552 | Spider:2 | 24552 ||| Stepping ~*~*~tactically~*~*~ (outnumbered).
 24561 | Spider:2 | 24561 ||| Stepping ~*~*~tactically~*~*~ (outnumbered).
 24562 | Spider:2 | 24562 ||| Stepping ~*~*~tactically~*~*~ (outnumbered).
 24563 | Spider:2 | 24563 ||| Stepping ~*~*~tactically~*~*~ (outnumbered).
 24564 | Spider:2 | 24564 ||| Stepping ~*~*~tactically~*~*~ (outnumbered).
 24566 | Spider:2 | 24566 ||| DRINKING 2 potions of cancellation.
 24567 | Spider:2 | 24567 ||| Stepping ~*~*~tactically~*~*~ (outnumbered).
 24594 | Spider:2 | Killed Kirke
 24676 | Spider:2 | 24676 ||| INVOKING Heroism.
 24719 | Spider:2 | 24719 ||| Stepping ~*~*~tactically~*~*~ (stealth).
 24755 | Spider:2 | 24755 ||| Stepping ~*~*~tactically~*~*~ (stealth).
 24757 | Spider:2 | 24757 ||| Stepping ~*~*~tactically~*~*~ (stealth).
 24758 | Spider:2 | 24758 ||| INVOKING Heroism.
 25059 | Spider:2 | 25059 ||| Stepping ~*~*~tactically~*~*~ (stealth).
 25060 | Spider:2 | 25060 ||| Stepping ~*~*~tactically~*~*~ (stealth).
 25069 | Spider:2 | Received a gift from Okawaru
 25073 | Spider:2 | 25073 ||| INVOKING Heroism.
 25079 | Spider:2 | Reached XP level 16. HP: 65/149 MP: 19/22
 25152 | Spider:2 | 25152 ||| FLEEEEING.
 25153 | Spider:2 | 25153 ||| FLEEEEING.
 25154 | Spider:2 | 25154 ||| FLEEEEING.
 25155 | Spider:2 | 25155 ||| FLEEEEING.
 25156 | Spider:2 | 25156 ||| FLEEEEING.
 25157 | Spider:2 | 25157 ||| FLEEEEING.
 25158 | Spider:2 | 25158 ||| STAIRDANCE
 25183 | Spider:1 | 25183 ||| UPGRADING to +4 ring of protection.
 25187 | Spider:2 | 25187 ||| INVOKING Heroism.
 25241 | Spider:2 | 25241 ||| INVOKING Finesse.
 25277 | Spider:2 | 25277 ||| Stepping ~*~*~tactically~*~*~ (stealth).
 25282 | Spider:2 | 25282 ||| Stepping ~*~*~tactically~*~*~ (stealth).
 25283 | Spider:2 | 25283 ||| Stepping ~*~*~tactically~*~*~ (stealth).
 25313 | Spider:2 | 25313 ||| Stepping ~*~*~tactically~*~*~ (stealth).
 25326 | Spider:2 | 25326 ||| Stepping ~*~*~tactically~*~*~ (stealth).
 25328 | Spider:2 | 25328 ||| Stepping ~*~*~tactically~*~*~ (stealth).
 25329 | Spider:2 | 25329 ||| Stepping ~*~*~tactically~*~*~ (stealth).
 25330 | Spider:2 | 25330 ||| Stepping ~*~*~tactically~*~*~ (stealth).
 25363 | Spider:2 | 25363 ||| Stepping ~*~*~tactically~*~*~ (stealth).
 25365 | Spider:2 | 25365 ||| DRINKING 10 potions of curing.
 25365 | Spider:2 | 25365 ||| (to cure confusion)
 25367 | Spider:2 | 25367 ||| INVOKING Heroism.
 25556 | Spider:2 | 25556 ||| Stepping ~*~*~tactically~*~*~ (stealth).
 25561 | Spider:2 | 25561 ||| Stepping ~*~*~tactically~*~*~ (outnumbered).
 25564 | Spider:2 | 25564 ||| INVOKING Heroism.
 25663 | Spider:2 | Reached skill level 18 in Unarmed Combat
 25672 | Spider:2 | 25672 ||| INVOKING Heroism.
 25770 | Spider:3 | 25770 ||| INVOKING Heroism.
 25771 | Spider:3 | 25771 ||| STAIRDANCE
 25838 | Spider:3 | HP: 35/149 [wolf spider (4)]
 25839 | Spider:3 | 25839 ||| READING 2 scrolls of teleportation.
 25839 | Spider:3 | HP: 16/149 [wolf spider (10)]
 25839 | Spider:3 | Slain by a ghost moth

Levels and vault maps discovered:
D:1:      dpeg_arrival_short_road, layout_loops_ring, minmay_tetromino_s2
D:2:      layout_loops_ring
D:3:      layout_loops_ring, lemuel_tele_altar,
          mainiacjoe_overflow_concentric_impassable, gammafunk_ghost_necromancy,
          dreamdust_ecumenical_altar_angels_and_demons, uniq_terence
D:4:      minmay_recursive_quarters, layout_loops_corners,
          minmay_overflow_temple_hex, portal_sewer_entry_a
D:5:      layout_layer_cave, mainiacjoe_overflow_alcove_2,
          minmay_temple_entry_tees
D:6:      layout_basic, gammafunk_ghost_arena
D:7:      layout_loops_cross, marbit_many_paths, xom_teletrap_fun,
          kennysheep_boxes
D:8:      layout_basic
D:9:      layout_loops_corners, serial_shops, nicolae_shop_behind_doors,
          kennysheep_nondescript, hangedman_abyss_or_decor_stabs
D:10:     layout_cave_pools, nicolae_qazlal_style_of_elements,
          erik_lair_orcish_takeover, st_stairs_3
D:11:     layout_cave_pools, grunt_ministairs_2
D:12:     layout_roguey, david_orc_2, nrook_loot_triangle, elves_outpost_lemuel
D:13:     layout_cave_pods, lightli_vaults_fourway_checkpoint,
          kennysheep_kite_vault
D:14:     layout_long_grid, ebering_ghost_disaster_area, uniq_rupert
D:15:     hangedman_depths_entry_civil_slaughter, layout_small_grid, serial_ice,
          serial_ice_o, serial_ice_d, serial_ice_j, serial_ice_g,
          hangedman_decor_peaks_small, corexii_checkpoint_a,
          nicolae_shop_firing_range
Lair:1:   layout_layer_cave, basic_altar, portal_ice_cave_entry_imps,
          gammafunk_ghost_split, grunt_megastairs_1
Lair:2:   layout_regular_city, nicolae_swamp_entry_splash_gauntlet,
          lemuel_fruit_tree, infiniplex_staircase_pool
Lair:3:   layout_regular_city, hellmonk_spider_entry_not_the_bees,
          chequers_serial_rivers_micro_d, lemuel_fruit_fields
Lair:4:   layout_cave_pods, minmay_slime_entry_jelly_boxes,
          gammafunk_ghost_ooze, cheibrodos_lair_reptile_den
Lair:5:   hangedman_lair_in_review, layout_loops_ring, wormcave,
          hellmonk_ghost_happy_afterlife
Spider:1: layout_spider_delve
Spider:2: layout_spider_delve, uniq_kirke
Spider:3: layout_spider_delve, nicolae_spider_circle_web,
          hellmonk_spider_spawner
Orc:1:    layout_diamond_mine, basic_altar, gammafunk_ghost_wrathful_warriors
Orc:2:    kennysheep_orc_mage_school, layout_diamond_mine

Skill      XL: |  1  2  3  4  5  6  7  8  9 10 11 12 13 14 15 16 |
---------------+-------------------------------------------------+-----
Unarmed Combat | 4 5 6 7 9 10 12 13 15 16 17 18 | 18.0
Shields        | 2 4 5 6 8 9 11 14 15 16 | 16.0
Fighting       | 3 4 5 6 7 |  7.1
Throwing       | 2 3 4 5 6 7 |  7.0
Dodging        | 1 3 |  3.0
Armour         | 1 2 |  2.1
Invocations    | 2 6 10 | 10.0
Spellcasting   | |  1.0
Fire Magic     | |  2.1

Action                   |  1- 3 |  4- 6 |  7- 9 | 10-12 | 13-15 | 16-18 || total
-------------------------+-------+-------+-------+-------+-------+-------++-------
Melee: Unarmed           |    98 |   140 |   250 |   630 |  1153 |   107 ||  2378
       Punch             |       |     2 |       |       |       |       ||     2
Throw: Boomerang         |       |       |    31 |    71 |    31 |       ||   133
       Large rock        |       |       |     6 |    28 |    92 |    12 ||   138
       Javelin           |       |       |       |    48 |    34 |       ||    82
Invok: Fiery Armour      |     1 |     1 |     3 |     8 |       |       ||    13
       Heroism           |       |       |       |     2 |    62 |     5 ||    69
       Finesse           |       |       |       |       |    15 |     1 ||    16
  Use: Scroll            |     4 |     4 |     9 |    12 |     9 |     1 ||    39
       Potion            |     2 |     1 |     3 |     4 |     9 |     1 ||    20
 Stab: Invisible         |       |       |     2 |       |       |       ||     2
       Distracted        |       |       |       |       |     1 |       ||     1
       Sleeping          |       |       |       |       |     1 |       ||     1
Armor: Robe              |    32 |    20 |    78 |    39 |    82 |    24 ||   275
       Troll leather arm |       |       |       |   135 |   159 |       ||   294
Dodge: Dodged            |    44 |    28 |    75 |   102 |   185 |    32 ||   466
Block: Other             |     3 |     4 |       |       |       |       ||     7
       Kite shield       |       |    56 |   150 |   191 |       |       ||   397
       Reflection        |       |       |     5 |    16 |    40 |       ||    61
       Tower shield      |       |       |       |   232 |  1081 |   125 ||  1438

Table legend:
 A = Non-vault XP
 B = Vault XP
 C = Vault XP percentage of total XP
 D = Non-vault monster count
 E = Vault monster count
 F = Vault count percentage of total count
                 A         B        C        D         E       F
            +---------+---------+-------+---------+---------+-------
      Total |  100109 |   62151 |  38.3 |     518 |     227 |  30.5
            +---------+---------+-------+---------+---------+-------
        D:1 |      18 |       1 |   5.3 |      13 |       1 |   7.1
        D:2 |      27 |       0 |   0.0 |       9 |       0 |   0.0
        D:3 |     204 |      36 |  15.0 |      16 |       1 |   5.9
        D:4 |     214 |     256 |  54.5 |      25 |      12 |  32.4
        D:5 |    1835 |       0 |   0.0 |      30 |       0 |   0.0
        D:6 |    2096 |       0 |   0.0 |      24 |       0 |   0.0
        D:7 |     767 |     131 |  14.6 |      16 |       1 |   5.9
        D:8 |    1808 |       0 |   0.0 |      32 |       0 |   0.0
        D:9 |    1907 |       0 |   0.0 |      23 |       0 |   0.0
       D:10 |    1636 |    1706 |  51.0 |      12 |      13 |  52.0
       D:11 |    3707 |    1697 |  31.4 |      18 |       2 |  10.0
       D:12 |    2175 |    4462 |  67.2 |       7 |      15 |  68.2
       D:13 |    4240 |   17042 |  80.1 |       7 |      28 |  80.0
       D:14 |    6768 |    1950 |  22.4 |      15 |       1 |   6.2
       D:15 |    8376 |    5546 |  39.8 |      21 |      21 |  50.0
     Lair:1 |    4249 |     935 |  18.0 |      20 |      16 |  44.4
     Lair:2 |    2658 |    1342 |  33.5 |       9 |       5 |  35.7
     Lair:3 |    5175 |     942 |  15.4 |      25 |       9 |  26.5
     Lair:4 |    8410 |     892 |   9.6 |      27 |      17 |  38.6
     Lair:5 |   10570 |   14809 |  58.4 |      34 |      36 |  51.4
   Spider:1 |    9988 |       0 |   0.0 |      26 |       0 |   0.0
   Spider:2 |   17837 |    2705 |  13.2 |      50 |       7 |  12.3
      Orc:1 |    4419 |       0 |   0.0 |      45 |       0 |   0.0
      Orc:2 |    1025 |    7607 |  88.1 |      14 |      33 |  70.2
      Sewer |       0 |      92 | 100.0 |       0 |       9 | 100.0
            +---------+---------+-------+---------+---------+-------
